PIO (24 & UNDER)
SURREY SINNERS @ CHULA VISTA TACOS
08/24/2024
 
TOP OF THE 1ST
Surrey Sinners batting - Pitching for Chula Vista Tacos : RHP Jesús De Los Santos
Pitching: RHP Jesús De Los Santos
Batting: LHB Benny Richard 0-0: Called Strike
0-1: Ball
1-1: SINGLE (Line Drive, 4D)
Batting: RHB Brett Murphy 0-0: Ball
1-0: Fly out, F8 (Flyball, 8LS)
Batting: RHB Víctor Arredondo Pickoff Throw to First - Out!
0-0: Ball
1-0: Ball
2-0: Called Strike
2-1: Called Strike
2-2: Ground out 4-3 (Groundball, 4)
Top of the 1st over - 0 run(s), 1 hit(s), 0 error(s), 0 left on base; Surrey 0 - Chula Vista 0
BOTTOM OF THE 1ST
Chula Vista Tacos batting - Pitching for Surrey Sinners : RHP Tyler Kirkland
Pitching: RHP Tyler Kirkland
Batting: RHB Ricardo Guzmán 0-0: Called Strike
0-1: Ball
1-1: Ball
2-1: Ball
3-1: Base on Balls
Batting: RHB José Oliveira 0-0: Ball
1-0: Ball
2-0: Ball
3-0: Base on Balls
Ricardo Guzmán to second
Batting: LHB Brent Alonzo 0-0: Called Strike
0-1: Foul Ball, location: 2F
0-2: Ball
1-2: Foul Ball, location: 2F
1-2: Strikes out swinging
Batting: LHB Ray Bryant 0-0: Ball
1-0: Ball
Throwing error on steal attempt, E2
Ricardo Guzmán scores
José Oliveira to third
2-0: Called Strike
2-1: Foul Ball, location: 2F
2-2: DOUBLE (Line Drive, 7LS)
José Oliveira scores
Batting: RHB Armando Colón 0-0: Foul Ball, location: 2F
0-1: Ball
1-1: Ball
2-1: Swinging Strike
2-2: Reached on error, E5 (Groundball, 5)
Ray Bryant scores
Batting: LHB Ken Phillips 0-0: Ball
1-0: DOUBLE (Line Drive, 9LD)
Armando Colón scores
Batting: SHB Michael Aisher 0-0: Ball
1-0: Ball
Ken Phillips is caught stealing 3rd base
2-0: Ball
3-0: Called Strike
3-1: Foul Ball, location: 2F
3-2: Base on Balls
Batting: RHB Manny Torrez 0-0: Called Strike
0-1: Called Strike
0-2: Foul Ball, location: 2F
0-2: Strikes out looking
Bottom of the 1st over - 4 run(s), 2 hit(s), 2 error(s), 1 left on base; Surrey 0 - Chula Vista 4
TOP OF THE 2ND
Surrey Sinners batting - Pitching for Chula Vista Tacos : RHP Jesús De Los Santos
Batting: RHB Félix Castro 0-0: Ball
1-0: Foul Ball, location: 2F
1-1: Swinging Strike
1-2: Strikes out looking
Batting: RHB Daniel Santiago 0-0: Foul Ball, location: 2F
0-1: Ball
1-1: Ball
2-1: Foul Ball, location: 2F
2-2: Foul Ball, location: 2F
2-2: Foul Ball, location: 2F
2-2: Ball
3-2: Strikes out swinging
Batting: LHB Javier Espinoza 0-0: Ball
1-0: Ball
2-0: Ball
3-0: Base on Balls
Batting: RHB Ryan Parrish 0-0: Called Strike
0-1: Foul Ball, location: 2F
0-2: Ball
1-2: Strikes out swinging
Top of the 2nd over - 0 run(s), 0 hit(s), 0 error(s), 1 left on base; Surrey 0 - Chula Vista 4
BOTTOM OF THE 2ND
Chula Vista Tacos batting - Pitching for Surrey Sinners : RHP Tyler Kirkland
Batting: LHB Joe Baker 0-0: Ball
1-0: Ball
2-0: Called Strike
2-1: Ball
3-1: Foul Ball, location: 2F
3-2: Foul Ball, location: 2F
3-2: SINGLE (Line Drive, 78S)
Batting: RHB Ricardo Guzmán 0-0: Called Strike
0-1: Ball
1-1: Ball
2-1: Ball
3-1: Foul Ball, location: 2F
3-2: Base on Balls
Joe Baker to second
Batting: RHB José Oliveira 0-0: Ball
1-0: Foul Ball, location: 2F
1-1: DOUBLE (Groundball, 5D)
Joe Baker scores
Ricardo Guzmán to third
Runner from 3rd tries for Home, SAFE, no throw or cutoff
Batting: LHB Brent Alonzo 0-0: Called Strike
0-1: Ball
1-1: Foul Ball, location: 2F
1-2: Fly out, F7 (Flyball, 78D)
Batting: LHB Ray Bryant 0-0: Ball
1-0: Ball
2-0: Fly out, F6 (Popup, 6M)
Batting: RHB Armando Colón 0-0: Called Strike
0-1: Ball
1-1: Ball
2-1: Called Strike
2-2: SINGLE (Groundball, 56D)
José Oliveira to third
Runner from 3rd tries for Home, SAFE, throw made home
Armando Colón to second
Batting: LHB Ken Phillips 0-0: Foul Ball, location: 2F
0-1: Ball
1-1: Ball
Wild Pitch!
Armando Colón to third
2-1: Ball
3-1: Ground out 3-1 (Groundball, 34S)
Bottom of the 2nd over - 3 run(s), 3 hit(s), 0 error(s), 1 left on base; Surrey 0 - Chula Vista 7
TOP OF THE 3RD
Surrey Sinners batting - Pitching for Chula Vista Tacos : RHP Jesús De Los Santos
Batting: RHB Mitchell Darragh 0-0: Ball
1-0: Called Strike
1-1: Ball
2-1: Foul Ball, location: 2F
2-2: Strikes out swinging
Batting: RHB Carlos Rodríguez 0-0: Fly out, F9 (Line Drive, 9M)
Batting: LHB Benny Richard 0-0: Called Strike
0-1: Foul Ball, location: 2F
0-2: Ball
1-2: Ball
2-2: Ball
3-2: Base on Balls
Batting: RHB Brett Murphy 0-0: Swinging Strike
0-1: Ball
1-1: Fly out, F4 (Popup, 4M)
Top of the 3rd over - 0 run(s), 0 hit(s), 0 error(s), 1 left on base; Surrey 0 - Chula Vista 7
BOTTOM OF THE 3RD
Chula Vista Tacos batting - Pitching for Surrey Sinners : RHP Tyler Kirkland
Batting: SHB Michael Aisher 0-0: Ball
1-0: Fly out, F9 (Flyball, 89M)
Batting: RHB Manny Torrez 0-0: DOUBLE (Line Drive, 7M)
Batting: LHB Joe Baker 0-0: Ball
Manny Torrez steals 3rd base
1-0: Ball
2-0: Ball
3-0: Called Strike
3-1: Swinging Strike
3-2: Fly out, F9 (Flyball, 89S)
Runner from 3rd tags up, SCORES, throw made
Batting: RHB Ricardo Guzmán 0-0: Ball
1-0: Ball
2-0: Foul Ball, location: 2F
2-1: Called Strike
2-2: Ball
3-2: Ground out 5-3 (Groundball, 5)
Bottom of the 3rd over - 1 run(s), 1 hit(s), 0 error(s), 0 left on base; Surrey 0 - Chula Vista 8
TOP OF THE 4TH
Surrey Sinners batting - Pitching for Chula Vista Tacos : RHP Juan Salinas
Pitching: RHP Juan Salinas
Batting: RHB Víctor Arredondo 0-0: Swinging Strike
0-1: Swinging Strike
0-2: Ball
1-2: Strikes out swinging
Batting: RHB Félix Castro 0-0: Ball
1-0: Ball
2-0: Fly out, F5 (Popup, 25F)
Batting: RHB Daniel Santiago 0-0: Ball
1-0: Foul Ball, location: 2F
1-1: Foul Ball, location: 2F
1-2: Strikes out swinging
Top of the 4th over - 0 run(s), 0 hit(s), 0 error(s), 0 left on base; Surrey 0 - Chula Vista 8
BOTTOM OF THE 4TH
Chula Vista Tacos batting - Pitching for Surrey Sinners : RHP Tyler Kirkland
Pitching: LHP Phil Paul
Batting: RHB José Oliveira 0-0: Ball
1-0: Ball
2-0: Ball
3-0: Swinging Strike
3-1: Called Strike
3-2: Foul Ball, location: 2F
3-2: Base on Balls
Batting: LHB Brent Alonzo 0-0: Ball
1-0: Ball
2-0: Ball
3-0: Called Strike
3-1: 2-RUN HOME RUN (Flyball, 7D), Distance : 404 ft
Batting: LHB Ray Bryant 0-0: Called Strike
0-1: Swinging Strike
0-2: Strikes out swinging
Batting: RHB Armando Colón 0-0: Ball
1-0: Ball
2-0: Ball
3-0: Called Strike
3-1: Fly out, F6 (Popup, 6M)
Batting: LHB Ken Phillips 0-0: Ball
1-0: Ground out 4-3 (Groundball, 4)
Bottom of the 4th over - 2 run(s), 1 hit(s), 0 error(s), 0 left on base; Surrey 0 - Chula Vista 10
TOP OF THE 5TH
Surrey Sinners batting - Pitching for Chula Vista Tacos : RHP Juan Salinas
Batting: LHB Javier Espinoza 0-0: Ball
1-0: Ball
2-0: Called Strike
2-1: TRIPLE (Flyball, 78D)
Batting: RHB Ryan Parrish 0-0: SINGLE (Line Drive, 6M)
Javier Espinoza scores
Batting: RHB Mitchell Darragh 0-0: Called Strike
0-1: SINGLE (Groundball, 5D)
Ryan Parrish to second
Batting: RHB Carlos Rodríguez 0-0: Called Strike
Ryan Parrish steals 3rd base
Mitchell Darragh to second
0-1: Foul Ball, location: 2F
0-2: Foul Ball, location: 2F
0-2: Strikes out looking
Batting: LHB Benny Richard 0-0: Ball
1-0: Swinging Strike
1-1: Called Strike
1-2: Strikes out swinging
Batting: RHB Brett Murphy 0-0: Called Strike
0-1: Called Strike
0-2: SINGLE (Groundball, 4MD)
Ryan Parrish scores
Mitchell Darragh to third
Runner from 3rd tries for Home, SAFE, no throw or cutoff
Batting: RHB Víctor Arredondo 0-0: SINGLE (Groundball, 56)
Brett Murphy to second
Batting: RHB Félix Castro 0-0: Ground out 5-3 (Groundball, 56S)
Top of the 5th over - 3 run(s), 5 hit(s), 0 error(s), 2 left on base; Surrey 3 - Chula Vista 10
BOTTOM OF THE 5TH
Chula Vista Tacos batting - Pitching for Surrey Sinners : LHP Phil Paul
Batting: SHB Michael Aisher 0-0: Foul Ball, location: 2F
0-1: Ball
1-1: Ball
2-1: SINGLE (Groundball, 6MD)
Batting: RHB Manny Torrez 0-0: Called Strike
0-1: Foul Ball, location: 2F
0-2: Ball
1-2: Ball
2-2: SINGLE (Groundball, 6MD)
Michael Aisher to second
Runner from 2nd tries for 3rd, SAFE, no throw or cutoff
Batting: LHB Joe Baker 0-0: Called Strike
0-1: Fly out, F5 (Popup, 5SF)
Batting: RHB Ricardo Guzmán 0-0: Ball
1-0: Ball
2-0: Called Strike
2-1: Foul Ball, location: 2F
2-2: Foul Ball, location: 2F
2-2: Ball
Manny Torrez steals 2nd base
3-2: Fly out, F8 (Flyball, 8RD)
Runner from 3rd tags up, SCORES, no throw
Manny Torrez to third
Batting: RHB José Oliveira 0-0: Called Strike
0-1: Swinging Strike
0-2: Foul Ball, location: 2F
0-2: Strikes out swinging
Bottom of the 5th over - 1 run(s), 2 hit(s), 0 error(s), 1 left on base; Surrey 3 - Chula Vista 11
TOP OF THE 6TH
Surrey Sinners batting - Pitching for Chula Vista Tacos : RHP Juan Salinas
Batting: RHB Daniel Santiago 0-0: Fly out, F8 (Flyball, 8LM)
Batting: LHB Javier Espinoza 0-0: Called Strike
0-1: Ball
1-1: SINGLE (Groundball, 5D)
Batting: RHB Ryan Parrish 0-0: Foul Ball, location: 2F
0-1: Grounds into double play, 4-6-3 (Groundball, 4)
Top of the 6th over - 0 run(s), 1 hit(s), 0 error(s), 0 left on base; Surrey 3 - Chula Vista 11
BOTTOM OF THE 6TH
Chula Vista Tacos batting - Pitching for Surrey Sinners : LHP Phil Paul
Batting: LHB Brent Alonzo 0-0: Fly out, F7 (Flyball, 7LM)
Batting: LHB Ray Bryant 0-0: Foul Ball, location: 2F
0-1: Ball
1-1: Swinging Strike
1-2: Fly out, F8 (Flyball, 8LS)
Batting: RHB Armando Colón 0-0: Ball
1-0: Called Strike
1-1: Called Strike
1-2: Foul Ball, location: 2F
1-2: Strikes out looking
Bottom of the 6th over - 0 run(s), 0 hit(s), 0 error(s), 0 left on base; Surrey 3 - Chula Vista 11
TOP OF THE 7TH
Surrey Sinners batting - Pitching for Chula Vista Tacos : RHP Juan Salinas
Pitching: LHP Jeff Minnich
Now at C: Chris Woods
Batting: RHB Mitchell Darragh 0-0: Called Strike
0-1: Ball
1-1: Swinging Strike
1-2: Strikes out swinging
Batting: RHB Carlos Rodríguez 0-0: SINGLE (Popup, 6D)
Batting: LHB Benny Richard 0-0: Ball
1-0: Ball
2-0: Fly out, F7 (Line Drive, 7LM)
Batting: RHB Brett Murphy 0-0: Ball
1-0: Ball
2-0: Ball
3-0: Base on Balls
Carlos Rodríguez to second
Batting: RHB Víctor Arredondo 0-0: Called Strike
0-1: Foul Ball, location: 2F
0-2: SINGLE (Groundball, 5D)
Carlos Rodríguez to third
Brett Murphy to second
Runner from 3rd tries for Home, SAFE, no throw or cutoff
Batting: RHB Félix Castro 0-0: Ball
1-0: Ground out 3-1 (Groundball, 34)
Top of the 7th over - 1 run(s), 2 hit(s), 0 error(s), 2 left on base; Surrey 4 - Chula Vista 11
BOTTOM OF THE 7TH
Chula Vista Tacos batting - Pitching for Surrey Sinners : LHP Phil Paul
Pitching: RHP Tomás Silva
Batting: LHB Ken Phillips 0-0: Ball
1-0: Foul Ball, location: 2F
1-1: Ball
2-1: Ball
3-1: Swinging Strike
3-2: DOUBLE (Flyball, 9LM)
Batting: SHB Michael Aisher 0-0: Ball
1-0: Foul Ball, location: 2F
1-1: Ball
2-1: Swinging Strike
2-2: Foul Ball, location: 2F
2-2: Ball
3-2: Foul Ball, location: 2F
3-2: Foul Ball, location: 2F
3-2: Foul Ball, location: 2F
3-2: Foul Ball, location: 2F
3-2: SINGLE (Line Drive, 34D)
Ken Phillips to third
Batting: RHB Manny Torrez 0-0: Ball
1-0: Ball
2-0: Ball
3-0: Called Strike
3-1: Called Strike
3-2: Foul Ball, location: 2F
3-2: Ground out 2-3 (Groundball, 2R)
Michael Aisher to second
Batting: LHB Joe Baker 0-0: Called Strike
0-1: Called Strike
0-2: Ball
1-2: Foul Ball, location: 2F
1-2: Strikes out swinging
Batting: RHB Ricardo Guzmán 0-0: Ball
1-0: Fly out, F9 (Popup, 9S)
Bottom of the 7th over - 0 run(s), 2 hit(s), 0 error(s), 2 left on base; Surrey 4 - Chula Vista 11
TOP OF THE 8TH
Surrey Sinners batting - Pitching for Chula Vista Tacos : LHP Jeff Minnich
Now at SS: Walt Rodgers
Batting: RHB Daniel Santiago 0-0: Foul Ball, location: 2F
0-1: SINGLE (Line Drive, 56)
Batting: LHB Javier Espinoza 0-0: Ball
1-0: Fly out, F6 (Popup, 5D)
Batting: RHB Ryan Parrish 0-0: Called Strike
0-1: Swinging Strike
0-2: Strikes out swinging
Batting: RHB Mitchell Darragh 0-0: Reached on error, E1 (Groundball, 13S)
Daniel Santiago to second
Batting: RHB Carlos Rodríguez 0-0: Ball
1-0: Foul Ball, location: 2F
1-1: Ball
2-1: Ball
3-1: Fielders Choice at 2nd, U6 (Groundball, 6M)
Top of the 8th over - 0 run(s), 1 hit(s), 1 error(s), 2 left on base; Surrey 4 - Chula Vista 11
BOTTOM OF THE 8TH
Chula Vista Tacos batting - Pitching for Surrey Sinners : RHP Tomás Silva
Batting: SHB Chris Woods 0-0: SINGLE (Line Drive, 56D)
Batting: LHB Brent Alonzo 0-0: Ball
1-0: Fly out, F5 (Line Drive, 5)
Batting: LHB Ray Bryant 0-0: Fielders Choice at 2nd, 3-6 (Groundball, 3)
Batting: RHB Armando Colón 0-0: Swinging Strike
0-1: Ball
1-1: Foul Ball, location: 2F
1-2: Strikes out looking
Bottom of the 8th over - 0 run(s), 1 hit(s), 0 error(s), 1 left on base; Surrey 4 - Chula Vista 11
TOP OF THE 9TH
Surrey Sinners batting - Pitching for Chula Vista Tacos : LHP Jeff Minnich
Batting: LHB Benny Richard 0-0: Ball
1-0: Ball
2-0: Called Strike
2-1: Swinging Strike
2-2: Strikes out swinging
Batting: RHB Brett Murphy 0-0: Foul Ball, location: 2F
0-1: Ball
1-1: Ball
2-1: Ball
3-1: Fly out, F3 (Popup, 3L)
Batting: RHB Víctor Arredondo 0-0: Ball
1-0: Called Strike
1-1: Ball
2-1: Called Strike
2-2: Strikes out swinging
Top of the 9th over - 0 run(s), 0 hit(s), 0 error(s), 0 left on base; Surrey 4 - Chula Vista 11
This league is powered by Out of the Park Baseball, the baseball management simulation game for PC, Mac and Linux
Saturday, April 9th, 2016 - OOTP Baseball 16.8 Build 38